 Dungeon Crawl Stone Soup version 0.27-a0-1217-g8a41f320e8 (webtiles) character file.

Game seed: 16965181098347503864

4277 Froggeryz the Cleaver (level 10, 0/71 HPs)
             Began as a Palentonga Gladiator on June 6, 2021.
             Was a Priest of Okawaru.
             Slain by a komodo dragon (23 damage)
             ... on level 9 of the Dungeon.
             The game lasted 00:06:57 (10220 turns).

Froggeryz the Cleaver (Palentonga Gladiator)       Turns: 10220, Time: 00:06:58

Health: 0/71       AC: 17    Str: 20    XL:     10   Next: 10%
Magic:  10/10      EV:  8    Int:  8    God:    Okawaru [***...]
Gold:   441        SH:  5    Dex: 13    Spells: 9/9 levels left

rFire    + . .     SeeInvis +   h - +5 broad axe (flame)
rCold    . . .     Faith    .   B - +0 buckler
rNeg     . . .     Spirit   .   i - +0 scale mail
rPois    .         Reflect  .   c - +1 helmet
rElec    .         Harm     .   x - +0 cloak
rCorr    .         Rampage  .   (no gloves)
Will     +....                  (no barding)
Stlth    ..........             o - amulet of the acrobat
HPRegen  0.21/turn              E - ring of protection from fire
MPRegen  0.12/turn              y - ring of willpower

@: curled up
A: large, rugged brown scales 3, see invisible, deformed body, roll 1, armoured
tail, reflexive curl
a: Rolling Charge, Renounce Religion, Heroism


You were on level 9 of the Dungeon.
You worshipped Okawaru.
Okawaru was most pleased with you.
You visited 2 branches of the dungeon, and saw 10 of its levels.
You also visited: Ossuary.

You collected 441 gold pieces.

Inventory:

Hand Weapons
 h - a +5 broad axe of flaming (weapon)
Missiles
 d - 3 throwing nets
 n - 19 poisoned darts (quivered)
 C - a curare-tipped dart
Armour
 c - a +1 helmet (worn)
 i - a +0 scale mail (worn)
 x - a +0 cloak (worn)
 B - a +0 buckler (worn)
Jewellery
 o - an amulet of the acrobat (around neck)
 y - a ring of willpower (right hand)
 E - a ring of protection from fire (left hand)
Wands
 s - a wand of polymorph (6)
 D - a wand of acid (9)
Scrolls
 a - a scroll of fear
 e - a scroll of identify
 k - 5 scrolls of teleportation
 m - 3 scrolls of blinking
 A - 2 scrolls of enchant armour
Potions
 b - a potion of attraction
 f - a potion of brilliance
 g - 2 potions of flight
 j - a potion of lignification {unknown}
 l - 2 potions of resistance
 p - a potion of degeneration {unknown}
 q - a potion of cancellation {unknown}
 r - 4 potions of haste
 t - 5 potions of curing
 u - 3 potions of berserk rage
 v - a potion of might {unknown}
 w - a potion of mutation {unknown}
 z - 3 potions of heal wounds


   Skills:
 - Level 2.0 Fighting
 * Level 12.3 Axes
 - Level 1.3 Throwing
 - Level 4.0 Armour
 - Level 2.4 Dodging
 * Level 5.0 Shields


You had 9 spell levels left.
You didn't know any spells.
Your spell library contained the following spells:

 Spells                   Type           Power      Damage    Failure   Level
 Animate Skeleton         Necr           0%         N/A       77%         1
 Apportation              Tloc           0%         N/A       77%         1
 Corona                   Hex            0%         N/A       77%         1
 Shock                    Conj/Air       0%         1d3       77%         1
 Summon Small Mammal      Summ           0%         N/A       77%         1
 Static Discharge         Conj/Air       0%         N/A       88%         2
 Swiftness                Air            0%         N/A       98%         3
 Airstrike                Air            0%         N/A       100%        4
 Lightning Bolt           Conj/Air       0%         1d11      100%        5


Dungeon Overview and Level Annotations

Branches:
Dungeon (9/15)             Temple (1/1) D:4         Ossuary (visited)
   Lair: D:8-11         Orc: D:9-12

Altars:
Cheibriados
Dithmenos
Elyvilon
Fedhas
Gozag
Kikubaaqudgha
Makhleb
Okawaru
Qazlal
Ru
Sif Muna
Uskayaw
Vehumet
Wu Jian
Xom
Yredelemnul
Zin
The Shining One

Annotations:
D:9 Maurice


Innate Abilities, Weirdness & Mutations

You are completely covered in rugged brown scales. (AC +3, +7% HP)
You have supernaturally acute eyesight. (SInv)
Armour fits poorly on your strangely shaped body.
You can roll at nearby foes to attack.
You have a long armoured tail.
You curl defensively after being hit.


Message History

The basilisk bites you.
Maurice the Thief comes into view.
He is wielding a +0 dagger and carrying a wand of flame (6).
You slash the basilisk! You burn the basilisk.
You kill the basilisk!
Okawaru accepts your kill.
You hit the komodo dragon but do no damage.
Maurice mumbles some strange words.
Maurice puts on a burst of speed!
The komodo dragon bites you!!
Your life force feels restored.
Your Shields skill increases to level 5!
Your scale mail prevents you from hitting the komodo dragon.
The komodo dragon bites you but does no damage.
You barely miss the komodo dragon. You block the komodo dragon's attack.
You slash the komodo dragon! You burn the komodo dragon.
The komodo dragon is moderately wounded.
Maurice mumbles some strange words.
Maurice flickers and vanishes for a moment.
The komodo dragon bites you but does no damage.
You hit the komodo dragon but do no damage.
You tail-slap the komodo dragon!
The komodo dragon is moderately wounded.
The komodo dragon bites you!
You slash the komodo dragon! You burn the komodo dragon.
You tail-slap the komodo dragon.
The komodo dragon is heavily wounded.
Maurice zaps a wand.
The puff of flame hits you but does no damage.
The komodo dragon bites you.
You hit the komodo dragon. You burn the komodo dragon.
The komodo dragon is severely wounded.
Maurice zaps a wand.
The puff of flame hits you. You resist.
You slash the komodo dragon! You burn the komodo dragon.
The komodo dragon is almost dead.
The komodo dragon bites you.
Maurice mumbles some strange words.
Maurice blinks!
You closely miss the komodo dragon.
The komodo dragon is almost dead.
The komodo dragon bites you!!
You die...

##### ####...#
..##### ##
######...###.
.......#.#
#.##..#####..
....§.†@.###....##
###
.#.###l........##
#.########.# ##
###


You could see a komodo dragon.

Vanquished Creatures
  A manticore (D:7)
  Prince Ribbit (D:6)
  A wraith (Ossuary)
  2 basilisks (D:9)
  A steam dragon (D:7)
  An acid dragon (D:9)
  A water moccasin (D:7)
  An ice beast (D:7)
  A hornet zombie (D:8)
  An orc warrior (D:7)
  6 ogres
  3 centaurs
  A phantom (D:5)
  3 kobold brigands
  A bullfrog (D:5)
  2 scorpions
  A water moccasin zombie (D:4)
  14 wights
  6 howler monkeys
  3 hounds
  An orc priest (D:8)
  A bullfrog skeleton (D:7)
  An iguana (D:5)
  An orc wizard (D:8)
  2 killer bee zombies (D:9)
  A hound zombie (D:4)
  2 mummies
  A hound skeleton (D:5)
  4 howler monkey zombies
  8 gnolls (D:5)
  3 adders
  3 white imps
  3 ufetubi
  2 adder zombies (D:4)
  5 worms
  3 dart slugs
  13 orcs
  8 ball pythons
  6 bats
  7 endoplasms
  4 giant cockroaches
  4 goblins
  8 hobgoblins
  7 jackals
  26 kobolds
  3 frilled lizards
  6 gnoll skeletons (Ossuary)
  5 kobold skeletons (Ossuary)
  14 orc skeletons (Ossuary)
  4 rats
207 creatures vanquished.

Notes
Turn   | Place    | Note
-------+----------+-------------------------------------------
     0 | D:1      | Froggeryz the Palentonga Gladiator began the quest for the
                  | Orb.
     0 | D:1      | Reached XP level 1. HP: 17/17 MP: 1/1
   340 | D:1      | Reached XP level 2. HP: 20/23 MP: 2/2
   615 | D:1      | Reached skill level 4 in Axes
   996 | D:1      | Reached XP level 3. HP: 28/28 MP: 3/3
  1884 | D:2      | Found a glowing silver altar of Zin.
  2279 | D:3      | Reached XP level 4. HP: 35/35 MP: 4/4
  2307 | D:3      | Reached skill level 5 in Axes
  2490 | D:3      | Found an opulent altar of Gozag.
  2621 | D:3      | Found a faded altar of an unknown god.
  2737 | D:3      | Found a sacrificial altar of Ru.
  3329 | D:4      | Found a stormy altar of Qazlal.
  3381 | D:4      | Found a sand-covered staircase.
  3468 | Ossuary  | Entered an ossuary
  3468 | Ossuary  | Noticed a wraith
  3468 | Ossuary  | Noticed a wraith
  3468 | Ossuary  | Noticed a wraith
  3484 | Ossuary  | Reached XP level 5. HP: 35/40 MP: 5/5
  3824 | Ossuary  | Noticed a wraith
  3847 | Ossuary  | Killed a wraith
  3848 | Ossuary  | Reached skill level 7 in Axes
  3848 | Ossuary  | Reached XP level 6. HP: 44/47 MP: 6/6
  3871 | Ossuary  | Identified a scroll of acquirement
  3871 | Ossuary  | Acquired a +5 broad axe of flaming
  3962 | D:4      | Found a basalt altar of Yredelemnul.
  4030 | D:4      | Reached skill level 8 in Axes
  4088 | D:4      | Found a staircase to the Ecumenical Temple.
  4095 | D:4      | Gained mutation: You curl defensively after being hit.
                  | [Palentonga growth]
  4095 | D:4      | Reached XP level 7. HP: 47/53 MP: 7/7
  4107 | Temple   | Entered the Ecumenical Temple
  4326 | Temple   | Became a worshipper of Warmaster Okawaru
  4646 | D:5      | Entered Level 5 of the Dungeon
  5163 | D:5      | Reached skill level 1 in Armour
  5320 | D:5      | Reached skill level 9 in Axes
  5565 | D:5      | Reached * piety under Okawaru
  5641 | D:6      | Reached XP level 8. HP: 48/59 MP: 8/8
  5988 | D:6      | Noticed Prince Ribbit
  5994 | D:6      | Killed Prince Ribbit
  5995 | D:6      | Reached skill level 10 in Axes
  6123 | D:6      | Found a snail-covered altar of Cheibriados.
  6356 | D:7      | Noticed a manticore
  6421 | D:7      | Killed a manticore
  6421 | D:7      | Reached ** piety under Okawaru
  6876 | D:7      | Reached skill level 11 in Axes
  6876 | D:7      | Reached XP level 9. HP: 39/65 MP: 9/9
  7327 | D:7      | Reached skill level 1 in Shields
  8364 | D:7      | Reached *** piety under Okawaru
  9154 | D:8      | Reached skill level 12 in Axes
  9533 | D:8      | Found a hide-covered altar of Uskayaw.
  9928 | D:9      | Reached XP level 10. HP: 50/69 MP: 10/10
 10211 | D:9      | Noticed Maurice
 10213 | D:9      | Reached skill level 5 in Shields
 10220 | D:9      | Slain by a komodo dragon

Illustrated notes

Levels and vault maps discovered:
D:1:      lightli_arrival_farm, layout_basic
D:2:      layout_basic, basic_altar
D:3:      layout_rooms, lemuel_crystal_altar, nicolae_ru_awakened_eye,
          hellmonk_ecumenical_altar_zigzags, minmay_distorted
D:4:      wander_river, layout_basic, nicolae_yredelemnul_corpse_copse,
          nicolae_qazlal_eye_of_the_storm, minmay_temple_entry_waves,
          gup_ossuary_entry_pyramid, small_statue_intersection,
          solitary_fountain
D:5:      layout_rooms, chequers_mini_garden, minmay_misc_feat_plants,
          kennysheep_generic_room_4
D:6:      layout_basic, lemuel_round_altar, uniq_prince_ribbit1
D:7:      layout_loops_cross, minmay_misc_feat_doors
D:8:      layout_basic, kennysheep_little_box
D:9:      layout_basic, erik_lair_dragon, uniq_maurice, uniq_grum
Temple:   minmay_temple_bridge_abc

Skill      XL: |  1  2  3  4  5  6  7  8  9 10 |
---------------+-------------------------------+-----
Axes           | 4 5 7 8 9 11 12 | 12.3
Armour         | 2 4 |  4.0
Shields        | 4 5 |  5.0
Fighting       | |  2.0
Throwing       | |  1.3
Dodging        | |  2.4

Action                   |  1- 3 |  4- 6 |  7- 9 | 10-12 || total
-------------------------+-------+-------+-------+-------++-------
Melee: War axe           |   118 |    97 |       |       ||   215
       Tailslap          |    14 |    20 |    37 |     5 ||    76
       Broad axe         |       |    19 |   210 |    24 ||   253
 Abil: Rolling Charge    |       |       |    10 |     1 ||    11
  Use: Potion            |       |     1 |     1 |       ||     2
       Scroll            |       |     5 |    10 |       ||    15
Armor: Leather armour    |    45 |       |       |       ||    45
       Scale mail        |    27 |    44 |    76 |     5 ||   152
Dodge: Dodged            |    79 |    57 |   110 |     5 ||   251
Block: Buckler           |       |       |    19 |     3 ||    22

Table legend: (Time is in decaauts)
 A = Elapsed time spent in this place.
 B = Non-inter-level travel time spent in this place.
 C = Inter-level travel time spent in this place.
 D = Time resting spent in this place.
 E = Time spent auto-exploring this place.
 F = Levels seen in this place.
 G = Mean time per level.
                   A        B        C        D        E       F      G
               +--------+--------+--------+--------+--------+-----+--------+
         Total |  10356 |   9960 |    396 |   1787 |   6999 |  11 |  941.5 |
       Dungeon |   9665 |   9303 |    362 |   1552 |   6740 |   9 | 1073.9 |
        Temple |    240 |    206 |     34 |      0 |    201 |   1 |  240.0 |
       Ossuary |    450 |    450 |      0 |    235 |     58 |   1 |  450.0 |
               +--------+--------+--------+--------+--------+-----+--------+

Top non-repeatable levels by time:
     D:7: 1651 daAuts
     D:1: 1323 daAuts
     D:6: 1266 daAuts
     D:3: 1180 daAuts
     D:4: 963 daAuts
     D:8: 916 daAuts
     D:2: 890 daAuts
     D:5: 809 daAuts
     D:9: 664 daAuts
 Ossuary: 450 daAuts
  Temple: 240 daAuts
